 Dungeon Crawl Stone Soup version 0.28-a0-511-gcc94558de3 (webtiles) character file.

Game seed: 15630331764852395755

112 Demosthentine the Poker (level 4, -6/35 HPs)
             Began as a Merfolk Gladiator on Sept 21, 2021.
             Killed from afar by an orc wizard (8 damage)
             ... with a puff of flame
             ... on level 3 of the Dungeon.
             The game lasted 00:02:39 (2653 turns).

Demosthentine the Poker (Merfolk Gladiator)         Turns: 2653, Time: 00:02:39

Health: -6/35      AC:  6    Str: 15    XL:     4   Next: 93%
Magic:  4/4        EV: 13    Int:  7    God:
Gold:   103        SH:  5    Dex: 15    Spells: 3/3 levels left

rFire   . . .      SeeInvis .   a - +0 trident
rCold   . . .      Faith    .   (no shield)
rNeg    . . .      Spirit   .   b - +0 leather armour
rPois   .          Reflect  +   c - +1 helmet
rElec   .          Harm     .   (no cloak)
rCorr   .          Rampage  .   (no gloves)
Will    .....                   i - +0 pair of boots
Stlth   +.........              l - amulet of reflection
HPRegen 0.11/turn               (no ring)
MPRegen 0.09/turn               (no ring)

@: no status effects
A: (nimble swimmer 2), mertail
a: no special abilities


You were on level 3 of the Dungeon.
You visited 1 branch of the dungeon, and saw 3 of its levels.

You collected 158 gold pieces.
You spent 55 gold pieces at shops.

Inventory:

Hand Weapons
 a - a +0 trident (weapon)
Missiles
 d - 3 throwing nets (quivered)
Armour
 b - a +0 leather armour (worn)
 c - a +1 helmet (worn)
 i - a +0 pair of boots (worn)
Jewellery
 l - an amulet of reflection (around neck)
Scrolls
 e - 2 scrolls of identify
 f - a scroll of magic mapping
 h - 2 scrolls of teleportation
Potions
 g - a potion of haste
 k - a potion of cancellation
 m - a potion of degeneration {unknown}


   Skills:
 + Level 3.2 Fighting
 + Level 5.4 Polearms
 - Level 2.0 Throwing
 + Level 1.4 Armour
 + Level 5.0 Dodging


You had 3 spell levels left.
You didn't know any spells.
Your spell library contained the following spells:

 Spells                   Type           Power      Damage    Failure   Level
 Animate Skeleton         Necr           0%         N/A       50%         1
 Pain                     Necr           0%         1d4       50%         1
 Ensorcelled Hibernation  Hex/Ice        0%         N/A       65%         2
 Spider Form              Tmut/Pois      0%         N/A       86%         3
 Vampiric Draining        Necr           0%         2d6       86%         3


Dungeon Overview and Level Annotations

Branches:
Dungeon (3/15)

Altars:
Dithmenos
Elyvilon
Okawaru

Shops:
D:1 *


Innate Abilities, Weirdness & Mutations

((You are quick and stealthy near water. (Stealth+, EV+, Speed+++)))
Your lower body shifts to a powerful aquatic tail in water.


Message History

You barely miss the orc.
The orc is almost dead.
You block the orc's attack.
Unknown command.
Unknown command.
Unknown command.
Unknown command.
There is an open door here.
The orc throws a boomerang.
The boomerang hits you but does no damage.
The orc throws a boomerang.
The boomerang closely misses you. Something hits you.
Your leather armour prevents you from hitting something.
Something hits you.
The orc throws a boomerang.
The boomerang barely misses you.
You hear some strange, mumbled words.
A puff of flame appears from out of thin air!
The puff of flame misses you.
There is an open door here.
There is a large open door here.
There is a large open door here.
The orc priest invokes the aid of Beogh against you.
Beogh smites you!
* * * LOW HITPOINT WARNING * * *
A puff of flame appears from out of thin air!
The puff of flame hits you!
* * * LOW HITPOINT WARNING * * *
You feel better.
A magic dart appears from out of thin air!
The magic dart hits you.
* * * LOW HITPOINT WARNING * * *
You open the door.
A magic dart appears from out of thin air!
The magic dart hits you but does no damage.
There is an open door here.
Unknown command.
A bat comes into view.
A puff of flame appears from out of thin air!
The puff of flame hits you!
You die...

#.##....# #.#####...#...#
###+#.##....# #.# #...#...#
#.....##....#######.# #...#...#
#.....#.............#####.#.#...#
'...o.o.................#.#.#...#
#.....#...................#.#...#
###'#.#..#######......#..##+#...#
#.#.#.o.o{...'......'(........#
#.#.##########@.....#...).....#
#.#.. .............#......#..#
#.### ######.......###.#.##..#
#.# ...#####....#...... #.# ....#
#....####..# #.. .....#
#.)........# ......# #......##.##
....b..# #......##.# #...<..##.#


You could see an orc and a bat (asleep).

Vanquished Creatures
  Robin (D:2)
  3 gnolls (D:3)
  A worm (D:2)
  2 dart slugs
  7 ball pythons
  2 bats (D:1)
  8 endoplasms
  5 giant cockroaches
  15 goblins
  3 hobgoblins
  2 quokkas (D:1)
  3 frilled lizards
  2 kobolds (D:1)
  6 rats
60 creatures vanquished.

Notes
Turn   | Place    | Note
-------+----------+-------------------------------------------
     0 | D:1      | Demosthentine the Merfolk Gladiator began the quest for the
                  | Orb.
     0 | D:1      | Reached XP level 1. HP: 16/16 MP: 1/1
   229 | D:1      | Reached XP level 2. HP: 23/23 MP: 2/2
   336 | D:1      | Found a faded altar of an unknown god.
   591 | D:1      | Reached XP level 3. HP: 28/28 MP: 3/3
   661 | D:1      | Found Zitsor's General Store.
   670 | D:1      | Bought a scroll of teleportation for 33 gold pieces
   908 | D:1      | Bought a scroll of identify for 22 gold pieces
   981 | D:2      | Noticed Robin
   996 | D:2      | Reached skill level 5 in Polearms
   996 | D:2      | Reached skill level 1 in Armour
  1412 | D:2      | Killed Robin
  1413 | D:2      | Reached XP level 4. HP: 9/35 MP: 4/4
  2416 | D:3      | Reached skill level 5 in Dodging
  2587 | D:3      | Found a white marble altar of Elyvilon.
  2587 | D:3      | Found an iron altar of Okawaru.
  2587 | D:3      | Found a shadowy altar of Dithmenos.
  2644 | D:3      | HP: 1/35 [something/puff of flame (8)]
  2650 | D:3      | HP: 1/35 [something/magic dart (5)]
  2653 | D:3      | Killed from afar by an orc wizard

Illustrated notes

Levels and vault maps discovered:
D:1:      dpeg_arrival_leaves_temple_mockup, layout_loops_ring, serial_shops,
          shop, ebering_ecumenical_altar_ruins, feat_on_display
D:2:      layout_basic, grunt_ministairs_9, kennysheep_generic_room_10,
          uniq_robin
D:3:      layout_basic, gammafunk_temple_overflow_forgotten,
          kennysheep_slug_shrine

Skill      XL: |  1  2  3  4 |
---------------+-------------+-----
Polearms       | 5 |  5.4
Armour         | 1 |  1.4
Fighting       | 3 |  3.2
Dodging        | 5 |  5.0
Throwing       | |  2.0

Action                   |  1- 3 |  4- 6 || total
-------------------------+-------+-------++-------
Melee: Trident           |   135 |    49 ||   184
  Use: Scroll            |     2 |     4 ||     6
       Potion            |       |     1 ||     1
 Stab: Sleeping          |     4 |       ||     4
Armor: Leather armour    |    38 |     9 ||    47
Dodge: Dodged            |    88 |    19 ||   107
Block: Other             |       |     7 ||     7
       Reflection        |       |     1 ||     1

Table legend: (Time is in decaauts)
 A = Elapsed time spent in this place.
 B = Non-inter-level travel time spent in this place.
 C = Inter-level travel time spent in this place.
 D = Time resting spent in this place.
 E = Time spent auto-exploring this place.
 F = Levels seen in this place.
 G = Mean time per level.
                   A        B        C        D        E       F      G
               +--------+--------+--------+--------+--------+-----+--------+
         Total |   2666 |   2605 |     61 |    473 |   1675 |   3 |  888.7 |
       Dungeon |   2666 |   2605 |     61 |    473 |   1675 |   3 |  888.7 |
               +--------+--------+--------+--------+--------+-----+--------+

Top non-repeatable levels by time:
     D:1: 1284 daAuts
     D:2: 1053 daAuts
     D:3: 329 daAuts
